 Dungeon Crawl Stone Soup version 0.22.0-49-gab54619674 (webtiles) character file.

140 simpaon the Firebug (level 5, -1/31 HPs)
             Began as an Octopode Fire Elementalist on Sept 8, 2018.
             Was an Initiate of Vehumet.
             Slain by a scorpion (3 damage)
             ... on level 4 of the Dungeon.
             The game lasted 00:07:50 (4542 turns).

simpaon the Firebug (Octopode Fire Elementalist)    Turns: 4542, Time: 00:07:51

Health: -1/31      AC:  1    Str:  7    XL:     5   Next: 22%
Magic:  0/9        EV: 13    Int: 24    God:    Vehumet [......]
Gold:   190        SH:  0    Dex: 13    Spells: 4/10 levels left

rFire    . . .     SeeInvis .   w - +7 trident "Caqash" {drain, Int+6}
rCold    . . .     Gourm    .   (no shield)
rNeg     . . .     Faith    .   (helmet restricted)
rPois    .         Spirit   .   (no amulet)
rElec    .         Reflect  .   g - ring of protection from magic
rCorr    .         Harm     .   (no ring)
MR       +....                  (no ring)
Stlth    +++.......             (no ring)
HPRegen  0.10/turn              (no ring)
MPRegen  0.11/turn              (no ring)
                                (no ring)
                                (no ring)

@: lethally poisoned (-1 -> -11)
A: almost no armour, stealthy swim, amphibious, 8 rings, constrict 8, camouflage
1, gelatinous body 1
a: Renounce Religion


You were on level 4 of the Dungeon.
You worshipped Vehumet.
Vehumet was noncommittal.
You were not hungry.

You visited 1 branch of the dungeon, and saw 4 of its levels.

You collected 190 gold pieces.

Inventory:

Hand Weapons
 a - a +0 whip
 f - a +0 short sword
 w - the +7 trident "Caqash" (weapon) {drain, Int+6}
   (You found it on level 4 of the Dungeon)

   A truly terrible weapon, it drains the life of those it strikes.
   It affects your intelligence (+6).
Missiles
 s - 5 tomahawks (quivered)
Jewellery
 g - a ring of protection from magic (left tentacle)
Scrolls
 d - a scroll of immolation
 m - 2 scrolls of identify
 n - a scroll of enchant weapon {unknown}
 o - 2 scrolls of remove curse
 p - a scroll of amnesia
 q - a scroll of fear {unknown}
 u - a scroll of teleportation {unknown}
 v - 2 scrolls of enchant armour {unknown}
Potions
 c - a potion of flight
 e - a potion of cancellation
 h - 3 potions of mutation
 j - a potion of degeneration {unknown}
 k - a potion of resistance {unknown}
 l - a potion of haste {unknown}
 r - a potion of might {unknown}
Comestibles
 b - 8 rations


   Skills:
 - Level 2.0 Dodging
 - Level 2.6 Stealth
 - Level 3.0 Spellcasting
 + Level 1.5 Conjurations
 * Level 5.0 Fire Magic


You had 4 spell levels left.
You knew the following spells:

 Your Spells              Type           Power        Failure   Level  Hunger
a - Flame Tongue          Conj/Fire      ###..        2%          1    None
b - Throw Flame           Conj/Fire      ###...       4%          2    ##.....
c - Conjure Flame         Conj/Fire      ###.....     9%          3    ###....

Your spell library contained the following spells:

 Spells                   Type           Power        Failure   Level  Hunger
 Inner Flame              Hex/Fire       ###.....     12%         3    ###....
 Sticky Flame             Conj/Fire      ###.....     28%         4    ####...
 Fireball                 Conj/Fire      ###.......   61%         5    ######.


Dungeon Overview and Level Annotations

Branches:
Dungeon (4/15)
 Temple: D:4-7

Altars:
Cheibriados
Trog
Vehumet


Innate Abilities, Weirdness & Mutations

You cannot wear most types of armour.
You are very stealthy in the water. (Stealth+)
You are amphibious.
You can wear up to eight rings at the same time.
You can use your tentacles to constrict eight enemies at once.
Your skin changes colour to match your surroundings (Stealth+).
Your rubbery body absorbs attacks. (AC +1, EV +1)


Message History

You feel sick.
Casting: Flame Tongue (safe; 2% risk of failure)
Confirm with . or Enter, or press ? or * to list all spells.
Aiming: Flame Tongue (safe; 2% risk of failure)
Press: ? - help, Shift-Dir - straight line, f/p - scorpion
Aim: a scorpion (severely wounded)
The flame tongue hits the scorpion.
The scorpion appears unharmed.
The scorpion is severely wounded.
* * * LOW HITPOINT WARNING * * *
You feel sick. The scorpion misses you.
Casting: Flame Tongue (safe; 2% risk of failure)
Confirm with . or Enter, or press ? or * to list all spells.
Aiming: Flame Tongue (safe; 2% risk of failure)
Press: ? - help, Shift-Dir - straight line, f/p - scorpion
Aim: a scorpion (severely wounded)
The flame tongue hits the scorpion.
The scorpion appears unharmed.
The scorpion is severely wounded.
* * * LOW HITPOINT WARNING * * *
You feel sick. The scorpion stings you.
You die...

#%......#.#[#.#####
.....##.....#.._..# ...#.
#.....#.#.############ ..
.h##.....#.#.#.รท........#
.
..s#..........#.#.....##.#
....#.##.......#.#.###.##.#
#.##.#>
#.......#<#..##.##.# #.
.... #......s####[##....#
..## #.......@##...###.##
#.# #####.####.....##.# #.#
#.###..(....#.# #.#
#......._.....# #.#
#####.......### #.####
##.....## #....# ##...#####
####.# ##.##)..# #.#
#....#.#


You could see a scorpion.

Vanquished Creatures
  A hound (D:4)
  4 adders
  4 worms
  A dart slug (D:2)
  2 leopard geckos
  An orc (D:3)
  2 giant cockroaches
  5 goblins
  9 hobgoblins
  4 jackals (D:4)
  3 ball pythons (D:1)
  4 bats
  6 frilled lizards
  9 kobolds
  2 quokka skeletons
  6 rats
63 creatures vanquished.

Notes
Turn   | Place    | Note
-------+----------+-------------------------------------------
     0 | D:1      | simpaon the Octopode Fire Elementalist began the quest for
                  | the Orb.
     0 | D:1      | Reached XP level 1. HP: 11/11 MP: 3/3
   427 | D:1      | Reached XP level 2. HP: 17/17 MP: 0/5
   484 | D:1      | Learned a level 2 spell: Throw Flame
  1059 | D:1      | Reached XP level 3. HP: 21/21 MP: 3/6
  1180 | D:1      | Learned a level 3 spell: Conjure Flame
  1863 | D:2      | Reached skill level 4 in Fire Magic
  2415 | D:2      | Reached XP level 4. HP: 27/27 MP: 6/8
  2838 | D:3      | Found a bloodstained altar of Trog.
  4019 | D:4      | Reached XP level 5. HP: 22/31 MP: 4/9
  4106 | D:4      | Found a radiant altar of Vehumet.
  4115 | D:4      | Became a worshipper of Vehumet
  4199 | D:4      | Got a translucent trident
  4200 | D:4      | Identified the +7 trident "Caqash" {drain, Int+6} (You
                  | found it on level 4 of the Dungeon)
  4221 | D:4      | Reached skill level 5 in Fire Magic
  4391 | D:4      | Noticed a phantom
  4483 | D:4      | Found a snail-covered altar of Cheibriados.
  4529 | D:4      | HP: 1/31 [phantom (5)]
  4542 | D:4      | Slain by a scorpion

Skill      XL: |  1  2  3  4  5 |
---------------+----------------+-----
Fire Magic     | 4 5 |  5.0
Spellcasting   | 3 |  3.0
Dodging        | |  2.0
Stealth        | |  2.6
Conjurations   | |  1.5

Action                   |  1- 3 |  4- 6 || total
-------------------------+-------+-------++-------
Melee: Unarmed           |     3 |       ||     3
       Short sword       |     5 |       ||     5
       Constrict         |     5 |     1 ||     6
       Dagger            |    12 |       ||    12
       Tentacles         |     2 |       ||     2
       Trident           |       |     7 ||     7
 Cast: Flame Tongue      |    71 |    60 ||   131
       Throw Flame       |     3 |     3 ||     6
  Use: Scroll            |     5 |     2 ||     7
       Potion            |       |     2 ||     2
  Eat: Chunk             |     5 |     7 ||    12
Armor: Skin              |     3 |       ||     3
Dodge: Dodged            |    17 |    24 ||    41
